 Dungeon Crawl Stone Soup version 0.31-a0-145-g046c7d2549 (webtiles) character file.

Game seed: 16654023078266188839

3182963 kush the Ninja (level 27, 164/164 HPs)
             Began as a Vine Stalker Monk on June 6, 2023.
             Was the Champion of Okawaru.
             Escaped with the Orb
             ... and 5 runes!
             The game lasted 03:39:11 (70559 turns).

kush the Ninja (Vine Stalker Monk)                 Turns: 70559, Time: 03:39:12

Health: 164/164    AC: 34    Str: 13    XL:     27
Magic:  32/32      EV: 19    Int: 17    God:    Okawaru [******]
Gold:   4292       SH: 22    Dex: 36    Spells: 26/26 levels left

rFire   + + +        b - +9 quick blade (chaos)
rCold   + + .        s - +0 kite shield "Dakoatig" {Regen+ Str-4 Dex+2 SInv}
rNeg    + . .        j - +9 shadow dragon scales
rPois   +            w - -2 hat of the Alchemist {rElec rPois rF+ rC+ rN+ Will+ rMut rCorr}
rElec   +            r - +1 cloak of Suibep {Rampage rC+}
rCorr   +            n - +1 pair of gloves "Nuhuy" {Contam +Inv Str+2 Stlth+}
SInv    +            J - +1 pair of boots "Gofaerhi" {rF++}
Will    ++++.        Q - amulet of reflection
Stlth   +++++        G - +4 ring of slaying
HPRegen 2.07/turn    h - ring of Zoubate {rElec Int+3 Dex+6 Slay+2}
MPRegen 0.23/turn

%: reflection, resist mutation, guardian spirit, rampage
@: studying Throwing
A: fangs 3, regeneration 1, magic shield, antimagic bite, no potion heal 2,
clever 1
0: Orb of Zot
}: 5/15 runes: decaying, serpentine, slimy, silver, abyssal
a: Renounce Religion, Evoke Invisibility, Heroism, Finesse, Duel


You escaped.
You worshipped Okawaru.
Okawaru was exalted by your worship.
You visited 12 branches of the dungeon, and saw 56 of its levels.
You visited the Abyss 1 time.
You visited 1 bazaar.
You visited 1 ziggurat, and saw 5 of its levels.
You also visited: Trove, Ossuary, Bailey, Ice Cave, Wizlab and Desolation.

You collected 12242 gold pieces.
You spent 7950 gold pieces at shops.

Inventory:

Hand Weapons
 a - the +7 Spriggan's Knife {stab, EV+4 Stlth+}
   (You bought it in a shop on level 4 of the Vaults)

   Stab:      It is more effective when stabbing unaware enemies, sometimes
   treating them as though they were completely helpless.
   EV:        It affects your evasion (+4).
   Stlth:     It makes you more stealthy.
 b - a +9 quick blade of chaos (weapon)
Missiles
 t - 4 throwing nets
 A - 34 boomerangs (quivered)
Armour
 j - +9 shadow dragon scales (worn)
 n - the +1 pair of gloves "Nuhuy" (worn) {Contam +Inv Str+2 Stlth+}
   (You found it in a treasure trove)

   Str:       It affects your strength (+2).
   +Inv:      It lets you turn invisible.
   Contam:    It causes magical contamination when unequipped.
   Stlth:     It makes you more stealthy.
 p - the +0 pair of gloves "Bodufij" {rPois rN+ Will+ Int+2}
   (Okawaru gifted it to you on level 5 of the Realm of Zot)

   Int:       It affects your intelligence (+2).
   rPois:     It protects you from poison.
   rN:        It protects you from negative energy.
   Will:      It increases your willpower.
 r - the +1 cloak of Suibep (worn) {Rampage rC+}
   (You bought it in a shop on level 1 of the Snake Pit)

   rC:        It protects you from cold.
   Rampage:   It bestows one free step when moving towards enemies.
 s - the +0 kite shield "Dakoatig" (worn) {Regen+ Str-4 Dex+2 SInv}
   (Okawaru gifted it to you on level 3 of the Elven Halls)

   Str:       It affects your strength (-4).
   Dex:       It affects your dexterity (+2).
   SInv:      It lets you see invisible.
   Regen:     It increases your rate of health regeneration.
 w - the -2 hat of the Alchemist (worn) {rElec rPois rF+ rC+ rN+ Will+ rMut rCorr}
   (You found it in a treasure trove)

   rF:        It protects you from fire.
   rC:        It protects you from cold.
   rElec:     It insulates you from electricity.
   rPois:     It protects you from poison.
   rN:        It protects you from negative energy.
   rCorr:     It protects you from acid and corrosion.
   rMut:      It protects you from mutation.
   Will:      It increases your willpower.
 D - the +3 pair of mountain boots {steadfast, rC+}
   (You found it on level 3 of the Elven Halls)

   Steadfast: It prevents involuntary movement, except for blinking,
   teleportation, or banishment.
   rC:        It protects you from cold.
 J - the +1 pair of boots "Gofaerhi" (worn) {rF++}
   (Okawaru gifted it to you on level 2 of the Snake Pit)

   rF:        It greatly protects you from fire.
 X - the +2 hood of the Assassin {Detect Stab+ Stlth++}
   (You found it on level 3 of the Elven Halls)

   Detect:    It allows the wearer to sense nearby creatures.
   Stab+:     It allows the wearer to make particularly effective stabbing
   attacks against helpless or unaware enemies with any weapon.
   Stlth:     It makes you much more stealthy.
Jewellery
 h - the ring of Zoubate (right hand) {rElec Int+3 Dex+6 Slay+2}
   (You took it off a deep elf master archer on level 3 of the Elven Halls)

   [ring of dexterity]

   Int:       It affects your intelligence (+3).
   Dex:       It affects your dexterity (+6).
   Slay:      It affects your accuracy & damage with ranged weapons and melee
   (+2).
   rElec:     It insulates you from electricity.
 k - the ring "Musmif" {Fly Will+ SInv Stlth-}
   (You took it off a vault guard on level 5 of the Vaults)

   [ring of flight]

   SInv:      It lets you see invisible.
   Fly:       It grants you flight.
   Will:      It increases your willpower.
   Stlth:     It makes you less stealthy.
 l - an amulet of regeneration
 o - the amulet "Qeela" {RegenMP rPois rCorr Str-5 Dex+6}
   (You found it on level 5 of a ziggurat)

   [amulet of magic regeneration]

   It increases your rate of magic regeneration.
   Str:       It affects your strength (-5).
   Dex:       It affects your dexterity (+6).
   rPois:     It protects you from poison.
   rCorr:     It protects you from acid and corrosion.
 G - a +4 ring of slaying (left hand)
 O - the ring of Shadows {Umbra +Inv Stlth+}
   (You found it on level 5 of the Vaults)

   [ring of stealth]

   Umbra:     It surrounds you with an aura of shadow, increasing your stealth
   and reducing the accuracy of all others within it.
   +Inv:      It lets you turn invisible.
   Stlth:     It makes you more stealthy.
 P - the ring "Ifreangu" {Will+ AC+4 Int+3}
   (You found it in the Desolation of Salt)

   [ring of protection]

   AC:        It affects your AC (+4).
   Int:       It affects your intelligence (+3).
   Will:      It increases your willpower.
 Q - an amulet of reflection (around neck)
 S - the ring "Riadd" {rC+ rN+ rCorr Str+3 Int-4}
   (You found it on level 5 of the Lair of Beasts)

   [ring of positive energy]

   Str:       It affects your strength (+3).
   Int:       It affects your intelligence (-4).
   rC:        It protects you from cold.
   rN:        It protects you from negative energy.
   rCorr:     It protects you from acid and corrosion.
 U - the ring "Nonn" {rPois rN+ Str+6 Dex+2}
   (You found it in the Desolation of Salt)

   [ring of strength]

   Str:       It affects your strength (+6).
   Dex:       It affects your dexterity (+2).
   rPois:     It protects you from poison.
   rN:        It protects you from negative energy.
 Z - the amulet of Elemental Vulnerability {rPois rF-- rC-- AC+8}
   (You found it on level 5 of the Pits of Slime)

   [amulet of nothing]

   AC:        It affects your AC (+8).
   rF:        It makes you very vulnerable to fire.
   rC:        It makes you very vulnerable to cold.
   rPois:     It protects you from poison.
Wands
 C - a wand of acid (44)
 H - a wand of flame (181)
 K - a wand of polymorph (33)
 R - a wand of mindburst (46)
 T - a wand of iceblast (84)
 V - a wand of digging (20)
Scrolls
 d - 2 scrolls of silence
 u - 14 scrolls of fog
 v - 12 scrolls of teleportation
 y - 16 scrolls of fear
 I - 2 scrolls of magic mapping
 W - 9 scrolls of immolation
 Y - 10 scrolls of blinking
Potions
 c - 7 potions of ambrosia
 f - 13 potions of enlightenment
 g - 4 potions of haste
 i - 4 potions of cancellation
 m - 10 potions of magic
 q - 5 potions of berserk rage
 z - 12 potions of mutation
 B - 3 potions of resistance
 E - 2 potions of might
 F - 14 potions of curing
 M - 7 potions of invisibility
Miscellaneous
 e - a phial of floods
 x - a condenser vane
 L - a lightning rod (4/4)
 N - a tin of tremorstones (2/2)


   Skills:
 + Level 23.2 Fighting
 - Level 18.0 Short Blades
 - Level 6.0 Throwing
 - Level 16.9 Armour
 - Level 16.3 Dodging
 O Level 27 Stealth
 - Level 14.0 Shields
 - Level 10.6 Invocations
 + Level 19.4 Evocations


You had 26 spell levels left.
You didn't know any spells.
Your spell library contained the following spells:

 Spells                   Type           Power      Damage    Failure   Level
 Apportation              Tloc           0%         N/A       99%         1
 Beastly Appendage        Tmut           0%         N/A       99%         1
 Foxfire                  Conj/Fire      0%         2x1d4     99%         1
 Freeze                   Ice            0%         1d3       99%         1
 Kiss of Death            Conj/Necr      0%         2d5       99%         1
 Magic Dart               Conj           0%         1d3       99%         1
 Necrotise                Necr           0%         1d4       99%         1
 Sandblast                Erth           0%         2d4       99%         1
 Slow                     Hex            0%         N/A       99%         1
 Blink                    Tloc           0%         N/A       100%        2
 Cigotuvi's Dreadful Rot  Necr/Pois/Air  0%         N/A       100%        2
 Ensorcelled Hibernation  Hex/Ice        0%         N/A       100%        2
 Lesser Beckoning         Tloc           0%         N/A       100%        2
 Momentum Strike          Conj/Tloc      0%         3d8       100%        2
 Passwall                 Tmut/Erth      0%         N/A       100%        2
 Poisonous Vapours        Pois/Air       0%         N/A       100%        2
 Searing Ray              Conj           0%         2d4       100%        2
 Static Discharge         Conj/Air       0%         2-2/arc   100%        2
 Sublimation of Blood     Necr           0%         N/A       100%        2
 Wereblood                Tmut           0%         N/A       100%        2
 Dazzling Flash           Conj/Hex       0%         N/A       100%        3
 Frozen Ramparts          Ice            0%         1d1       100%        3
 Gell's Gravitas          Tloc           0%         N/A       100%        3
 Hailstorm                Conj/Ice       0%         3d3       100%        3
 Ignite Poison            Fire/Tmut/Pois 0%         N/A       100%        3
 Inner Flame              Hex/Fire       0%         N/A       100%        3
 Mephitic Cloud           Conj/Pois/Air  0%         N/A       100%        3
 Portal Projectile        Hex/Tloc       0%         N/A       100%        3
 Spider Form              Tmut/Pois      0%         N/A       100%        3
 Stone Arrow              Conj/Erth      0%         3d7       100%        3
 Swiftness                Air            0%         N/A       100%        3
 Teleport Other           Tloc           0%         N/A       100%        3
 Vampiric Draining        Necr           0%         2d6       100%        3
 Vhi's Electric Charge    Tloc/Air       0%         N/A       100%        3
 Airstrike                Air            0%         2d(0-16)  100%        4
 Anguish                  Hex/Necr       0%         N/A       100%        4
 Cause Fear               Hex            0%         N/A       100%        4
 Dispel Undead            Necr           0%         3d6       100%        4
 Fulminant Prism          Conj/Hex       0%         3d5       100%        4
 Ice Form                 Ice/Tmut       0%         N/A       100%        4
 Manifold Assault         Tloc           0%         N/A       100%        4
 Olgreb's Toxic Radiance  Pois           0%         N/A       100%        4
 Passage of Golubria      Tloc           0%         N/A       100%        4
 Petrify                  Tmut/Erth      0%         N/A       100%        4
 Sticky Flame             Conj/Fire      0%         2d3       100%        4
 Agony                    Necr           0%         N/A       100%        5
 Alistair's Intoxication  Tmut/Pois      0%         N/A       100%        5
 Arcjolt                  Conj/Air       0%         1d10      100%        5
 Blade Hands              Tmut           0%         N/A       100%        5
 Borgnjor's Vile Clutch   Necr/Erth      0%         N/A       100%        5
 Fireball                 Conj/Fire      0%         3d3       100%        5
 Freezing Cloud           Conj/Ice/Air   0%         6-21      100%        5
 Irradiate                Conj/Tmut      0%         3d11      100%        5
 Iskenderun's Battlesphe  Conj           0%         2d6       100%        5
 Metabolic Englaciation   Hex/Ice        0%         N/A       100%        5
 Silence                  Hex/Air        0%         N/A       100%        5
 Yara's Violent Unravell  Hex/Tmut       0%         3d3       100%        5
 Conjure Ball Lightning   Conj/Air       0%         3x3d6     100%        6
 Dispersal                Tloc           0%         N/A       100%        6
 Eringya's Noxious Bog    Tmut/Pois      0%         N/A       100%        6
 Leda's Unmaking          Conj/Erth      0%         9d1       100%        6
 Plasma Beam              Fire/Air       0%         2x1d10    100%        6
 Starburst                Conj/Fire      0%         6d3       100%        6
 Dragon Form              Tmut           0%         N/A       100%        7
 Enfeeble                 Hex            0%         N/A       100%        7
 Orb of Destruction       Conj           0%         9d5       100%        7
 Storm Form               Tmut/Air       0%         N/A       100%        7
 Discord                  Hex            0%         N/A       100%        8
 Disjunction              Tloc           0%         N/A       100%        8
 Ignition                 Fire           0%         3d3       100%        8
 Maxwell's Capacitive Co  Air            0%         ∞         100%        8
 Necromutation            Tmut/Necr      0%         N/A       100%        8
 Death's Door             Necr           0%         N/A       100%        9
 Summon Small Mammal      Summ           Unusable   N/A       N/A         1
 Tukima's Dance           Hex            Unusable   N/A       N/A         3
 Animate Armour           Summ/Erth      Unusable   N/A       N/A         4
 Animate Dead             Necr           Unusable   N/A       N/A         4
 Summon Lightning Spire   Summ/Air       Unusable   N/A       N/A         4
 Summon Forest            Summ/Tloc      Unusable   N/A       N/A         5
 Summon Mana Viper        Hex/Summ       Unusable   N/A       N/A         5
 Simulacrum               Ice/Necr       Unusable   N/A       N/A         6
 Haunt                    Necr/Summ      Unusable   N/A       N/A         7
 Summon Hydra             Summ           Unusable   N/A       N/A         7
 Infestation              Necr           Unusable   N/A       N/A         8
 Dragon's Call            Summ           Unusable   N/A       N/A         9

Dungeon Overview and Level Annotations

Branches:
Dungeon (15/15)            Temple (1/1) D:6            Lair (5/5) D:10
  Swamp (4/4) Lair:3        Snake (4/4) Lair:3        Slime (5/5) Lair:5
    Orc (2/2) D:9             Elf (3/3) Orc:2        Vaults (5/5) D:13
  Crypt (3/3) Vaults:2       Tomb (0/3) Crypt:3      Depths (4/4) D:15
    Zot (5/5) Depths:4    Ossuary (visited)          Bailey (visited)
  IceCv (visited)          WizLab (visited)         Desolation (visited)

Altars:
Ashenzari
Cheibriados
Dithmenos
Elyvilon
Fedhas
Gozag
Hepliaklqana
Kikubaaqudgha
Makhleb
Nemelex Xobeh
Okawaru
Qazlal
Ru
Sif Muna
Trog
Uskayaw
Vehumet
Wu Jian
Xom
Yredelemnul
Zin
The Shining One
Jiyva
Lugonu

Shops:
D:1 (   D:4 (   D:7 *   D:9 ?   D:10 [   Orc:2 :?[:(   Elf:1 (:?   Snake:1 [
Snake:2 [?*[   Vaults:1 [[[?   Vaults:4 (   Vaults:5 ?   Zot:5 *   Depths:1 ::=
Depths:4 :[

Portals:
Hell: Depths:1 Depths:2 Depths:3 Depths:4
Abyss: Lair:4 Snake:1 Depths:3
Pandemonium: Depths:1 Depths:2

Annotations:
Depths:1 4 transporters
Zot:4 2 transporters


Innate Abilities, Weirdness & Mutations

You have razor-sharp teeth.
Your natural rate of healing is unusually fast.
When hurt, damage is shared between your health and your magic reserves.
Your bite disrupts and absorbs the magic of your enemies.
Potions cannot restore your health.
Your mind is acute. (Int +4, Str/Dex -1)


Message History

You hit the lorocyproca. You bite the lorocyproca. You drain its power.
You closely miss the lorocyproca. Your bite misses the lorocyproca.
The lorocyproca is lightly wounded.
You puncture the lorocyproca!
The lorocyproca convulses!
You bite the lorocyproca! You drain its power.
You hit the lorocyproca but do no damage.
You bite the lorocyproca!! You drain its power.
The lorocyproca is almost dead.
You block the lorocyproca's attack.
You puncture the lorocyproca!
You kill the lorocyproca!
Okawaru accepts your kill.
Unknown command.
No target in view!
You start waiting.
A soul eater comes into view.
You rampage towards the soul eater!
You rampage towards the soul eater!
You hit the soul eater but do no damage.
Your bite misses the soul eater. You puncture the soul eater!
The soul eater resists with almost no effort.
You bite the soul eater.
The soul eater's magic leaks into the air.
You drain its magic.
The soul eater is lightly wounded.
You impale the soul eater!! You bite the soul eater!
The soul eater's magic leaks into the air.
You drain its magic. You hit the soul eater.
The soul eater resists with almost no effort.
The soul eater is heavily wounded.
You block the soul eater's attack.
Unknown command.
You puncture the soul eater! You bite the soul eater!
The soul eater's magic leaks into the air.
You drain its magic. You impale the soul eater!! You burn the soul eater.
You kill the soul eater!
Okawaru accepts your kill.
No target in view!
There is a staircase leading out of the dungeon here.
You have escaped!

#....# ### #####...........
#....# #.###.# #...........
#....# #.....# ##..........
#....###.#.#.####..........
######.........##..........
####.#.#.#.#.###.(.......
#......#.#.......###.....
##.#.###.###.#.#..######.
#......@......##.######.
##.#.###.###.#.##.##.....
#......#.#......#..#.....
####.#.#.#.#.#####.#.....
###########.........#
#.(#.....
#.........###.#.#.###
##.##..... #.........#
#.....# #..##.....
#.........#
#.###.#####.###.....
#.........# ###
#..........)....


There were no monsters in sight!

Vanquished Creatures
  the Royal Jelly (Slime:5)
  Dissolution (Slime:4)
  A seraph (Zot:3)
  3 dread liches
  4 ancient liches
  4 orbs of fire (Zot:5)
  Mara (Vaults:4)
  Mennas (Vaults:2)
  2 juggernauts
  3 pandemonium lords
  Vv (Depths:3)
  9 Killer Klowns
  Boris (Depths:3)
  Vashnia (Snake:4)
  Xtahua (Vaults:4)
  4 curse toes
  Nikola (Vaults:1)
  2 bone dragons
  11 golden dragons
  2 profane servitors
  3 electric golems
  13 tentacled monstrosities
  Jorgrun (D:12)
  Mlioglotl (Swamp:4)
  A hellephant (Snake:1)
  2 Ice Fiends (IceCv)
  27 Orb Guardians
  9 liches
  The ghost of Topsoj the Wrestler, an adept TrMo of Jiyva (Swamp:2)
  2 walking earthen tomes
  2 titans (Vaults:5)
  3 deep elf blademasters (Elf:3)
  3 deep elf master archers (Elf:3)
  5 quicksilver dragons
  18 acid blobs
  3 Executioners
  4 ancient champions
  The ghost of Ophim the Wrestler, an adept TrFi of Wu Jian (Snake:3)
  3 tentacled starspawn
  4 death cobs
  6 tengu reavers
  8 sphinxes
  13 storm dragons
  2 thorn hunters (Swamp:3)
  16 shadow dragons
  13 rockslimes
  4 azure jellies
  3 draconian monks
  6 draconian knights
  5 revenants
  14 nagarajas
  3 strange machines (WizLab)
  A frost giant (shapeshifter) (Zig:4)
  An imperial myrmidon (Desolation)
  16 deep elf sorcerers
  4 draconian scorchers
  7 fire giants
  The ghost of goupaloupa the Severer, a journeyman DsFi of Makhleb (Snake:1)
  15 frost giants
  17 vault wardens
  14 ghouls
  8 ghost moths
  3 deep elf elementalists (Elf:3)
  Louise (Swamp:4)
  An angel (Zot:3)
  3 formless jellyfish
  A draconian shifter (Zot:5)
  3 draconian stormcallers
  3 cacodemons (Abyss:3)
  3 orc warlords
  21 ironbound preservers
  3 war gargoyles
  3 draconian annihilators
  21 stone giants
  2 demonspawn blood saints (D:8)
  8 quicksilver oozes
  An ironbound thunderhulk (Vaults:1)
  3 eleionomae
  7 green draconians
  8 very ugly things
  13 black draconians
  13 vampire knights
  An eleionoma (shapeshifter) (D:12)
  8 red draconians
  A lorocyproca (D:1)
  6 deep elf demonologists
  A demonspawn black sun (Zig:2)
  5 purple draconians
  7 yellow draconians
  9 deep elf annihilators
  11 white draconians
  10 dire elephants
  4 bunyips
  3 halazid warlocks (Desolation)
  5 spark wasps
  10 deep elf death magi
  2 green deaths (Abyss:3)
  3 blizzard demons
  6 eidola
  3 crystal guardians
  3 merfolk javelineers
  5 fire dragons
  11 ettins
  A merfolk impaler (Depths:2)
  17 yaktaur captains
  An entropy weaver (Vaults:2)
  An entropy weaver (shapeshifter) (D:13)
  9 deep elf high priests
  19 great orbs of eyes
  30 jiangshi
  5 ragged hierophants (Desolation)
  5 servants of whispers (Desolation)
  33 vault guards
  A spriggan zombie (Abyss:2)
  A fenstrider witch zombie (Crypt:1)
  12 rakshasas
  2 shambling mangroves
  Fannar (D:11)
  7 ice dragons
  28 hydras
  5 salamander tyrants (Snake:4)
  4 spriggan air magi
  4 ghost crabs
  3 caustic shrike simulacra (IceCv)
  8 death knights
  9 ironbound frosthearts
  3 ogre magi
  7 anacondas
  2 catoblepae
  7 peacekeepers
  6 two-headed ogres
  18 centaur warriors
  2 satyrs (Abyss:3)
  4 boulder beetles
  10 alligators
  39 dancing weapons
  5 deep troll shamans
  4 deep troll earth magi
  10 tengu warriors
  15 vampire magi
  26 naga sharpshooters
  15 naga warriors
  An orc high priest (Orc:2)
  5 shock serpents
  3 death yaks (Lair:2)
  2 demonic crawlers
  7 thrashing horrors
  4 spriggans
  A shock serpent (shapeshifter) (Vaults:5)
  2 titan zombies
  A sun demon (Depths:1)
  19 hell knights
  2 soul eaters
  7 wretched stars
  Nergalle (D:11)
  4 spriggan berserkers
  23 deep elf knights
  31 skeletal warriors
  3 skysharks (Lair:4)
  6 salamander mystics
  2 iron trolls (Depths:4)
  4 sixfirhies
  A skyshark (shapeshifter) (Slime:5)
  Amaemon (D:11)
  3 spectral death yaks (Lair:5)
  8 swamp dragons
  A goliath frog (Swamp:1)
  10 flayed ghosts
  5 shadow wraiths
  49 deep trolls
  2 swamp dragons (shapeshifter)
  A spatial maelstrom (Abyss:3)
  4 glowing orange brains
  A spriggan druid (Swamp:4)
  13 bog bodies
  Lodul (D:13)
  A death drake (shapeshifter) (Vaults:5)
  5 wizards
  A spectral anaconda (Lair:5)
  5 naga ritualists
  5 obsidian statues
  14 deep elf archers
  23 ironbound convokers
  15 necromancers
  11 orc knights
  7 lindwurms
  A spriggan simulacrum (IceCv)
  A harpy (shapeshifter) (D:15)
  27 deep elf zephyrmancers
  16 phantasmal warriors
  2 glowing shapeshifters (Depths:2)
  36 deep elf pyromancers
  7 shining eyes
  An eleionoma zombie (Crypt:2)
  4 orc sorcerers (Orc:2)
  A mana viper (shapeshifter) (Elf:2)
  9 cyclopes
  3 manticores
  33 ugly things
  14 mana vipers
  A wolf spider (shapeshifter) (Depths:1)
  7 will-o-the-wisps
  A worldbinder (Abyss:3)
  15 elephants
  23 salamanders
  2 ice statues (Zig:4)
  22 moths of wrath
  9 large abominations
  Joseph (D:10)
  A rust devil (D:10)
  9 guardian serpents
  15 vault sentinels
  2 apocalypse crabs
  A torpor snail (shapeshifter) (Zot:2)
  5 cane toads
  41 black mambas
  3 gargoyles
  17 naga magi
  2 eyes of devastation (shapeshifter)
  4 orange demons
  4 smoke demons
  3 cane toads (shapeshifter)
  A molten gargoyle (Desolation)
  An unseen horror (shapeshifter) (D:15)
  A dire elephant skeleton (Crypt:2)
  A komodo dragon (shapeshifter) (D:13)
  A hellion (Snake:1)
  7 komodo dragons
  An efreet (D:13)
  2 unseen horrors (D:12)
  31 yaktaurs
  5 tengu conjurers
  A sea snake skeleton (Crypt:1)
  A harpy zombie (Crypt:2)
  A tormentor (D:8)
  5 golden dragon simulacra (IceCv)
  3 ancient zymes (Abyss:3)
  10 freezing wraiths
  2 red devils
  A troll (shapeshifter) (Vaults:4)
  A hydra zombie (Crypt:1)
  7 hornets
  A hellwing (D:7)
  46 saltlings (Desolation)
  5 trolls
  Grinder (D:5)
  20 blink frogs
  7 tyrant leeches
  2 spectral elephants (Lair:5)
  Sigmund (D:5)
  11 raiju
  A slime creature (shapeshifter) (Depths:4)
  An air elemental (Elf:1)
  123 slime creatures
  49 flying skulls
  5 shadows
  A spriggan (shapeshifter) (Depths:2)
  A culicivora (Vaults:2)
  7 ynoxinuls
  54 yaks
  A vampire (D:11)
  6 wyverns
  6 basilisks
  10 wraiths
  13 starcursed masses
  A human (shapeshifter) (Elf:3)
  18 water elementals
  An alligator snapping turtle simulacrum (Crypt:2)
  2 steam dragons
  4 neqoxecs
  4 fire elementals
  16 golden eyes
  2 fire bats (Abyss:3)
  A minotaur simulacrum (IceCv)
  4 chaos spawn
  3 spectral cane toads (Lair:5)
  14 vampire mosquitoes
  53 nagas
  20 swamp worms
  3 acid dragons
  2 wargs
  Edmund (D:5)
  A naga zombie (Abyss:2)
  A swamp worm (shapeshifter) (Depths:3)
  A demonspawn skeleton (Crypt:2)
  A demonspawn zombie (Crypt:2)
  2 spatial vortices (Abyss:3)
  10 water moccasins
  3 hydra simulacra (IceCv)
  A floating eye (shapeshifter) (Depths:4)
  A floating eye (Depths:4)
  7 hell hounds (D:13)
  2 black bears
  3 sky beasts
  3 ettin simulacra (IceCv)
  19 orc warriors
  14 swamp drakes (Swamp:4)
  A black mamba simulacrum (Crypt:2)
  16 ogres
  6 wolves (Lair:4)
  4 boggarts (D:14)
  A boggart (shapeshifter) (D:11)
  11 centaurs
  A lindwurm skeleton (Crypt:1)
  A phantom (D:5)
  5 kobold brigands
  A rime drake skeleton (Crypt:2)
  4 gnoll sergeants
  9 necrophages
  12 bullfrogs
  An elf skeleton (D:7)
  3 scorpions
  A naga simulacrum (Crypt:3)
  A cane toad simulacrum (Lair:5)
  A wyvern skeleton (Crypt:1)
  5 earth elementals
  4 wights
  2 elephant simulacra (Lair:5)
  3 killer bees (D:10)
  5 electric eels
  5 howler monkeys
  3 quasits
  An iron imp (Abyss:3)
  6 hounds
  Crazy Yiuf (D:2)
  4 human zombies (Ossuary)
  2 gnoll boudas
  A jelly (D:8)
  24 orc priests
  A bullfrog skeleton (Crypt:1)
  Jessica (D:2)
  5 iguanas
  2 hell rats (Lair:2)
  4 human skeletons (D:7)
  Natasha (thrice) (D:2)
  32 orc wizards
  14 small abominations
  2 ogre skeletons
  A naga skeleton (Crypt:1)
  2 mummies (Ossuary)
  Robin (D:2)
  A gnoll (shapeshifter) (Vaults:2)
  22 gnolls
  A howler monkey skeleton (Crypt:1)
  10 adders
  10 river rats (Lair:2)
  A steam dragon skeleton (Crypt:2)
  A shadow imp (D:7)
  A white imp (D:6)
  2 ufetubi (D:5)
  An adder skeleton (Crypt:2)
  2 adder zombies (Ossuary)
  A worm (D:4)
  3 dart slugs
  73 orcs
  4 endoplasms
  5 giant cockroaches
  25 goblins
  16 hobgoblins
  10 jackals
  33 kobolds
  3 quokkas
  3 ball pythons
  2 bats (D:3)
  2 frilled lizards (D:1)
  A frilled lizard (shapeshifter) (Elf:3)
  2 goblin zombies (Ossuary)
  9 hobgoblin zombies (Ossuary)
  9 kobold zombies (Ossuary)
  10 orc zombies
  6 rats
  2 rat zombies (Ossuary)
  A river rat skeleton (Crypt:2)
  2 butterflies (Lair:3)
  A lurking horror (Abyss:3)
2770 creatures vanquished.

Vanquished Creatures (others)
  A dread lich (Vaults:5)
  A vault warden (Vaults:5)
  An ironbound convoker (Vaults:5)
  An unseen horror (D:13)
  2 bloated husks
  A saltling (Desolation)
  A swamp worm (Swamp:3)
  A human (D:4)
  An orc (Orc:2)
  28 foxfires
  A lurking horror (Lair:4)
  3 starspawn tentacles
42 creatures vanquished.

Grand Total: 2812 creatures vanquished

Notes
Turn   | Place    | Note
-------+----------+-------------------------------------------
     0 | D:1      | kush the Vine Stalker Monk began the quest for the Orb.
     0 | D:1      | Reached XP level 1. HP: 11/11 MP: 2/2
   123 | D:1      | Reached XP level 2. HP: 13/16 MP: 3/3
   551 | D:1      | Reached XP level 3. HP: 20/20 MP: 4/4
   702 | D:1      | Found Saemeefa's Weapon Emporium.
  1178 | D:1      | Gained mutation: Your natural rate of healing is unusually
                  | fast. [Vine Stalker growth]
  1178 | D:1      | Reached XP level 4. HP: 21/24 MP: 3/5
  1254 | D:2      | Noticed Robin
  1271 | D:2      | Killed Robin
  1356 | D:2      | Noticed Natasha
  1369 | D:2      | Killed Natasha
  1405 | D:2      | Reached XP level 5. HP: 28/28 MP: 6/6
  1417 | D:2      | Noticed Natasha
  1425 | D:2      | Killed Natasha
  1437 | D:2      | Noticed Natasha
  1457 | D:2      | Killed Natasha
  1614 | D:2      | Noticed Jessica
  1618 | D:2      | Killed Jessica
  1623 | D:2      | Found a runed translucent door.
  1624 | D:2      | Noticed Crazy Yiuf
  1633 | D:2      | Killed Crazy Yiuf
  1634 | D:2      | Reached skill level 5 in Short Blades
  1788 | D:3      | Reached XP level 6. HP: 33/33 MP: 7/7
  2627 | D:4      | Found an ancient bone altar of Kikubaaqudgha.
  2720 | D:4      | Found Akymifodgh's Antique Weapon Shop.
  2751 | D:4      | Reached XP level 7. HP: 38/38 MP: 6/8
  3076 | D:4      | Noticed a human
  3079 | D:4      | Killed a human
  3095 | D:5      | Entered Level 5 of the Dungeon
  3225 | D:5      | Reached skill level 5 in Fighting
  3264 | D:5      | Noticed Sigmund
  3275 | D:6      | Found a staircase to the Ecumenical Temple.
  3283 | Temple   | Entered the Ecumenical Temple
  3516 | D:6      | Noticed a steam dragon
  3536 | D:5      | Noticed Grinder
  3547 | D:5      | Killed Sigmund
  3548 | D:5      | Gained mutation: You have razor-sharp teeth. [Vine Stalker
                  | growth]
  3548 | D:5      | Reached XP level 8. HP: 32/44 MP: 7/9
  3559 | D:5      | Killed Grinder
  3730 | D:5      | Noticed Edmund
  3744 | D:5      | Killed Edmund
  4056 | D:6      | You fall into a shaft and drop 3 floors!
  4146 | D:7      | Identified the +0 leather armour of Failure {Str-5 Dex+3}
  4312 | D:7      | Reached XP level 9. HP: 49/49 MP: 10/10
  4400 | D:7      | Found a sand-covered staircase.
  4411 | Ossuary  | Entered an ossuary
  5149 | D:7      | Found Dioleot's Overcharged Wands.
  5283 | D:7      | Found an ornate altar of the Wu Jian Council.
  5283 | D:7      | Found a faded altar of an unknown god.
  5289 | D:7      | Found an iron altar of Okawaru.
  5291 | D:7      | Found a glowing golden altar of the Shining One.
  5293 | D:7      | Found a hazy altar of Hepliaklqana.
  5296 | D:7      | Became a worshipper of Warmaster Okawaru
  5296 | D:7      | Reached * piety under Okawaru
  5296 | D:7      | Reached ** piety under Okawaru
  5826 | D:6      | Reached skill level 10 in Short Blades
  6950 | D:8      | Reached skill level 1 in Armour
  6950 | D:8      | Reached skill level 1 in Invocations
  6950 | D:8      | Reached XP level 10. HP: 39/57 MP: 9/11
  7073 | D:8      | Reached *** piety under Okawaru
  7270 | D:8      | Identified the +1 ring mail "Wijae" {Str+3 Dex+2 Slay-2}
  7616 | D:9      | Found a staircase to the Orcish Mines.
  7680 | D:9      | Found Lisih's Magic Scroll Boutique.
  7682 | D:9      | Noticed a two-headed ogre
  7726 | D:9      | Killed a two-headed ogre
  7831 | D:9      | Noticed a two-headed ogre
  7842 | D:9      | Killed a two-headed ogre
  7889 | D:9      | Noticed a two-headed ogre
  7901 | D:9      | Killed a two-headed ogre
  7901 | D:9      | Reached **** piety under Okawaru
  7996 | D:9      | Found a bloodstained altar of Trog.
  8285 | D:9      | Found a snail-covered altar of Cheibriados.
  8285 | D:9      | Found a sparkling altar of Nemelex Xobeh.
  8414 | D:10     | Entered Level 10 of the Dungeon
  8435 | D:10     | Reached XP level 11. HP: 62/62 MP: 15/15
  8534 | D:10     | Found a flagged portal.
  8540 | D:10     | Noticed Joseph
  8549 | Bailey   | Entered a bailey
  8616 | Bailey   | Noticed an orc warlord
  8675 | Bailey   | Found a runed translucent gate.
  8675 | Bailey   | Found a runed translucent gate.
  8688 | Bailey   | Found a runed translucent gate.
  8799 | Bailey   | Killed an orc warlord
  8800 | Bailey   | Reached skill level 5 in Dodging
  8800 | Bailey   | Reached skill level 5 in Invocations
  9170 | D:10     | Killed Joseph
  9334 | D:10     | Found a runed translucent door.
  9335 | D:10     | Noticed a deep elf pyromancer
  9352 | D:10     | Killed a deep elf pyromancer
  9352 | D:10     | Reached ***** piety under Okawaru
  9353 | D:10     | Reached skill level 10 in Fighting
  9486 | D:10     | Noticed a two-headed ogre
  9516 | D:10     | Killed a two-headed ogre
  9547 | D:10     | Reached skill level 5 in Armour
  9558 | D:10     | Noticed an eight-headed hydra
  9558 | D:10     | Noticed a cyclops
  9558 | D:10     | Noticed a white ugly thing
  9562 | D:10     | Noticed a centaur warrior
  9562 | D:10     | Noticed a centaur warrior
  9568 | D:10     | Killed a white ugly thing
  9568 | D:10     | Noticed a centaur warrior
  9569 | D:10     | Noticed a cyclops
  9575 | D:10     | Killed a cyclops
  9582 | D:10     | Killed an eight-headed hydra
  9582 | D:10     | Received a gift from Okawaru
  9588 | D:10     | Killed a centaur warrior
  9595 | D:10     | Killed a centaur warrior
  9596 | D:10     | Reached XP level 12. HP: 52/68 MP: 16/18
  9601 | D:10     | Killed a centaur warrior
 10028 | D:10     | Found a staircase to the Lair.
 10118 | D:10     | Found John Lambton's Dragon-Slaying Spoils.
 10172 | D:10     | Acquired 1195 gold pieces
 10175 | D:10     | Bought +0 gold dragon scales for 1040 gold pieces
 10240 | D:11     | Noticed Amaemon
 10258 | D:11     | Killed Amaemon
 10320 | D:11     | Noticed a two-headed ogre
 10334 | D:11     | Killed a two-headed ogre
 10540 | D:11     | Found a shadowy altar of Dithmenos.
 10756 | D:11     | Noticed Fannar
 10806 | D:11     | Killed Fannar
 10985 | D:11     | Noticed Nergalle
 11008 | D:11     | Killed Nergalle
 11348 | D:10     | Bought quicksilver dragon scales for 780 gold pieces
 11394 | Lair:1   | Entered Level 1 of the Lair of Beasts
 11460 | Lair:1   | Reached skill level 1 in Shields
 11466 | Lair:1   | Reached ****** piety under Okawaru
 11466 | Lair:1   | Received a gift from Okawaru
 11505 | Lair:1   | Noticed a four-headed hydra
 11531 | Lair:1   | Killed a four-headed hydra
 11717 | Lair:1   | Identified the +3 robe "Elaemi" {Fly rElec SInv Stlth-}
 11765 | Lair:1   | Reached XP level 13. HP: 71/74 MP: 18/20
 12456 | Lair:1   | Reached skill level 5 in Shields
 13796 | Lair:3   | Identified the +9 quick blade "Kidenol" {heavy, rC+}
                  | (Okawaru gifted it to you on level 3 of the Lair of Beasts)
 13796 | Lair:3   | Received a gift from Okawaru
 13906 | Lair:3   | Found a staircase to the Snake Pit.
 14142 | Lair:3   | Found a staircase to the Swamp.
 14606 | Lair:4   | Found a one-way gate to the infinite horrors of the Abyss.
 14608 | Lair:4   | Found a corrupted altar of Lugonu.
 14636 | Lair:4   | Reached XP level 14. HP: 79/79 MP: 21/21
 14761 | Lair:4   | Received a gift from Okawaru
 15528 | Lair:5   | Entered Level 5 of the Lair of Beasts
 15645 | Lair:5   | Found a viscous altar of Jiyva.
 15645 | Lair:5   | Found a staircase to the Slime Pits.
 15661 | Lair:5   | Identified the +2 helmet of the Slashing Gods {Fly Dex+2}
                  | (Okawaru gifted it to you on level 5 of the Lair of Beasts)
 15661 | Lair:5   | Received a gift from Okawaru
 15823 | Lair:5   | Noticed a dire elephant
 15823 | Lair:5   | Noticed a dire elephant
 15823 | Lair:5   | Noticed a dire elephant
 15824 | Lair:5   | Noticed a dire elephant
 16230 | Lair:5   | Got the Parchment of the Impact and Voltage
 16300 | Lair:5   | Killed a dire elephant
 16313 | Lair:5   | Killed a dire elephant
 16328 | Lair:5   | Killed a dire elephant
 16341 | Lair:5   | Killed a dire elephant
 16383 | Lair:5   | Identified the ring "Riadd" {rC+ rN+ rCorr Str+3 Int-4}
 16433 | Lair:5   | Identified the +6 scale mail of Vufauloh {+Blink}
 16703 | Orc:1    | Entered Level 1 of the Orcish Mines
 16773 | Orc:2    | Entered Level 2 of the Orcish Mines
 16774 | Orc:2    | Found Plog's Antique Weapon Shoppe.
 16807 | Orc:1    | Identified the +0 crystal plate armour of Hide-and-Seek
                  | {MP+9} (Okawaru gifted it to you on level 1 of the Orcish
                  | Mines)
 16807 | Orc:1    | Received a gift from Okawaru
 17330 | Orc:2    | Found a staircase to the Elven Halls.
 17537 | Orc:2    | Reached XP level 15. HP: 60/84 MP: 15/22
 17886 | Orc:2    | Found Jacsaazah's Book Shoppe.
 17886 | Orc:2    | Found Ynehain's Magic Scroll Emporium.
 17887 | Orc:2    | Found Iheisuck's Book Emporium.
 17891 | Orc:2    | Found Kizagan's Armour Shoppe.
 17915 | Orc:2    | Bought a scroll of teleportation for 51 gold pieces
 17915 | Orc:2    | Bought a scroll of noise for 17 gold pieces
 17915 | Orc:2    | Bought a scroll of poison for 68 gold pieces
 17915 | Orc:2    | Bought a scroll of identify for 34 gold pieces
 17915 | Orc:2    | Bought 2 scrolls of silence for 323 gold pieces
 17915 | Orc:2    | Bought a scroll of immolation for 68 gold pieces
 17915 | Orc:2    | Bought a scroll of identify for 34 gold pieces
 17915 | Orc:2    | Bought a scroll of fear for 68 gold pieces
 18743 | D:12     | Reached skill level 10 in Armour
 18761 | D:12     | Noticed Jorgrun
 18769 | D:12     | Killed Jorgrun
 18813 | D:12     | Noticed a frost giant
 18817 | D:12     | a dire elephant changed into an azure jelly
 18817 | D:12     | Noticed an azure jelly (glowing shapeshifter)
 18822 | D:12     | an azure jelly changed into an alligator snapping turtle
 18827 | D:12     | an alligator snapping turtle changed into a frost giant
 18827 | D:12     | Noticed a frost giant (glowing shapeshifter)
 18829 | D:12     | a frost giant changed into an eleionoma
 19077 | D:13     | Received a gift from Okawaru
 19282 | D:13     | Noticed Lodul
 19297 | D:13     | Killed Lodul
 19297 | D:13     | Received a gift from Okawaru
 19427 | D:13     | Received a gift from Okawaru
 19428 | D:13     | Reached XP level 16. HP: 55/90 MP: 24/24
 19490 | D:13     | Reached skill level 10 in Invocations
 19910 | D:13     | Found a gate to the Vaults.
 19941 | D:13     | Received a gift from Okawaru
 20553 | D:14     | Reached skill level 1 in Evocations
 20876 | D:15     | Entered Level 15 of the Dungeon
 21594 | D:15     | Found a staircase to the Depths.
 21767 | Snake:1  | Entered Level 1 of the Snake Pit
 21788 | Snake:1  | Found a transporter.
 21788 | Snake:1  | Noticed a hellephant
 22014 | Snake:1  | Received a gift from Okawaru
 22033 | Snake:1  | Reached skill level 1 in Stealth
 22035 | Snake:1  | Found a transporter.
 22199 | Snake:1  | Noticed goupaloupa's ghost (journeyman DsFi)
 22347 | Snake:1  | Reached skill level 2 in Stealth
 22483 | Snake:1  | Found Xotiv's Armour Shop.
 22556 | Snake:1  | Reached skill level 5 in Evocations
 22564 | Snake:1  | Reached skill level 3 in Stealth
 22655 | Snake:1  | Noticed a nagaraja
 22664 | Snake:1  | Noticed a tentacled starspawn
 22783 | Snake:2  | Reached XP level 17. HP: 84/95 MP: 26/26
 22816 | Snake:2  | Identified the +1 pair of boots "Gofaerhi" {rF++} (Okawaru
                  | gifted it to you on level 2 of the Snake Pit)
 22816 | Snake:2  | Received a gift from Okawaru
 23111 | Snake:2  | Reached skill level 4 in Stealth
 23272 | Snake:2  | Found a runed translucent door.
 23407 | Snake:2  | Found Gosealuq's Armour Shop.
 23409 | Snake:2  | Found Jumeunik's General Store.
 23409 | Snake:2  | Found Quloth's Magic Scroll Boutique.
 23416 | Snake:2  | Found Siorot's Antique Armour Boutique.
 23427 | Snake:2  | Bought a scroll of brand weapon for 171 gold pieces
 23427 | Snake:2  | Bought a potion of haste for 180 gold pieces
 23434 | Snake:2  | Bought a scroll of teleportation for 36 gold pieces
 23434 | Snake:2  | Bought a scroll of teleportation for 36 gold pieces
 24285 | Snake:3  | Reached skill level 5 in Stealth
 24845 | Snake:3  | Found a runed translucent door.
 24991 | Snake:3  | Noticed Ophim's ghost (adept TrFi)
 25005 | Snake:3  | Killed Ophim's ghost
 25006 | Snake:3  | Reached skill level 6 in Stealth
 25047 | Snake:4  | Entered Level 4 of the Snake Pit
 25116 | Snake:4  | Identified the +1 pair of gloves of the Villain {Contam rF+
                  | Str+2} (Okawaru gifted it to you on level 4 of the Snake
                  | Pit)
 25116 | Snake:4  | Received a gift from Okawaru
 25707 | Snake:4  | Noticed Vashnia
 25717 | Snake:4  | Reached skill level 7 in Stealth
 25837 | Snake:4  | Reached skill level 10 in Shields
 26468 | Snake:4  | Killed Vashnia
 26469 | Snake:4  | Reached XP level 18. HP: 95/102 MP: 27/27
 27144 | Snake:4  | Reached skill level 8 in Stealth
 27333 | Snake:4  | Identified the +0 buckler of the Mackerel {rElec Int+2}
                  | (Okawaru gifted it to you on level 4 of the Snake Pit)
 27333 | Snake:4  | Received a gift from Okawaru
 27487 | Snake:4  | Got a serpentine rune of Zot
 27909 | Snake:4  | Reached skill level 9 in Stealth
 27973 | Snake:4  | Reached skill level 10 in Evocations
 28248 | Swamp:1  | Entered Level 1 of the Swamp
 28905 | Swamp:2  | Found a runed translucent door.
 28905 | Swamp:2  | Found a shimmering altar of Xom.
 28905 | Swamp:2  | Noticed Topsoj's ghost (adept TrMo)
 29072 | Swamp:2  | You are sucked into a shaft and drop 1 floor!
 29072 | Swamp:3  | Noticed a tentacled monstrosity
 29076 | Swamp:3  | Killed a tentacled monstrosity
 29807 | Swamp:3  | Received a gift from Okawaru
 29864 | Swamp:3  | Reached skill level 10 in Dodging
 30314 | Swamp:3  | Reached XP level 19. HP: 107/107 MP: 28/28
 30449 | Swamp:3  | Reached skill level 15 in Fighting
 30638 | Swamp:4  | Entered Level 4 of the Swamp
 30739 | Swamp:4  | Found a frozen archway.
 30743 | Swamp:4  | Reached skill level 10 in Stealth
 30747 | Swamp:4  | Noticed Mlioglotl
 30762 | Swamp:4  | Killed Mlioglotl
 30762 | Swamp:4  | Received a gift from Okawaru
 30821 | IceCv    | Entered an ice cave
 31014 | IceCv    | Found the +8 frozen axe "Frostbite" {freeze, freezing
                  | cloud, *Noise Fly rC+}
 31203 | IceCv    | Noticed an Ice Fiend
 31203 | IceCv    | Noticed an Ice Fiend
 31212 | IceCv    | Killed an Ice Fiend
 31217 | IceCv    | Killed an Ice Fiend
 31477 | Swamp:4  | Identified the +4 dagger of Callousness {holy, Dex+8}
                  | (Okawaru gifted it to you on level 4 of the Swamp)
 31477 | Swamp:4  | Received a gift from Okawaru
 31838 | Swamp:4  | Got a decaying rune of Zot
 31942 | Swamp:4  | Noticed Louise
 31951 | Swamp:4  | Killed Louise
 32216 | Snake:1  | Bought the +1 cloak of Suibep {Rampage rC+} for 399 gold
                  | pieces
 32428 | Elf:1    | Entered Level 1 of the Elven Halls
 32428 | Elf:1    | Found a runed translucent gate.
 32428 | Elf:1    | Found a runed translucent gate.
 32428 | Elf:1    | Found a runed translucent gate.
 32428 | Elf:1    | Found a runed translucent gate.
 32428 | Elf:1    | Found a runed translucent gate.
 32428 | Elf:1    | Found a runed translucent gate.
 32429 | Elf:1    | Found a runed translucent door.
 32441 | Elf:1    | Found a runed translucent door.
 32450 | Elf:1    | Identified the +4 ring mail of Too Many Cooks {rF++ SInv}
 32455 | Elf:1    | Got the Folio of Ensorcelling and Lithomancy
 32467 | Elf:1    | Identified the +1 cloak of Qown {Dex+3 Slay+3} (Okawaru
                  | gifted it to you on level 1 of the Elven Halls)
 32467 | Elf:1    | Received a gift from Okawaru
 32563 | Elf:1    | Reached skill level 11 in Stealth
 32609 | Elf:1    | Found Moess's Magic Scroll Boutique.
 32619 | Elf:1    | Bought a scroll of enchant weapon for 75 gold pieces
 32619 | Elf:1    | Bought a scroll of blinking for 75 gold pieces
 32905 | Elf:1    | Reached XP level 20. HP: 110/114 MP: 29/29
 32980 | Elf:1    | Found a radiant altar of Vehumet.
 33671 | Elf:1    | Found Upnin's Weapon Emporium.
 33735 | Elf:1    | Found Acsim's Book Boutique.
 33997 | Elf:1    | Paralysed by an air elemental for 1 turns
 34315 | Elf:2    | Identified the +1 scale mail of Parlour Games {*Slow rN+
                  | Dex+3}
 34454 | Elf:2    | Found a crumbling gateway.
 34464 | Desolati | Entered the Desolation of Salt
 34634 | Desolati | Found the +16 obsidian axe {drain, demonic, Mesm Drain Fly
                  | SInv}
 34644 | Desolati | Identified the +4 ring mail of Paefyata {Int+4}
 34646 | Desolati | Got Adoir's Enchiridion on Imprecation and Geometries
 34671 | Desolati | Got Sof Xint's Precepts of the Discharge
 34736 | Desolati | Identified the ring "Ceirifevusm" {MP+9 Str+3 Dex+2}
 34770 | Desolati | Identified the +2 pair of boots of Ytar {Int+7} (Okawaru
                  | gifted it to you in the Desolation of Salt)
 34770 | Desolati | Received a gift from Okawaru
 34885 | Desolati | Identified the ring "Nonn" {rPois rN+ Str+6 Dex+2}
 34895 | Desolati | Identified the ring "Ifreangu" {Will+ AC+4 Int+3}
 34902 | Desolati | Identified the +3 trident of Recid {flame, Drain rElec rN+}
 35107 | Desolati | Identified the +12 mace of Cocytus {drain, rC+ SInv}
 35129 | Desolati | Reached skill level 12 in Stealth
 35134 | Desolati | Identified the +8 rapier of Anguish {drain, Will+}
 35605 | Elf:2    | Found a runed translucent gate.
 35605 | Elf:2    | Found a runed translucent gate.
 35605 | Elf:2    | Found a runed translucent gate.
 35863 | Elf:3    | Entered Level 3 of the Elven Halls
 36431 | Elf:3    | Identified the ring of Zoubate {rElec Int+3 Dex+6 Slay+2}
 36511 | Elf:3    | Identified the +4 scale mail "Amompe Naats" {*Corrode
                  | Regen+ Dex+2}
 36532 | Elf:3    | Identified the +7 dagger "Kiraj" {flame, *Noise Fly Int+3}
 36906 | Elf:3    | Identified the +0 kite shield "Dakoatig" {Regen+ Str-4
                  | Dex+2 SInv} (Okawaru gifted it to you on level 3 of the
                  | Elven Halls)
 36906 | Elf:3    | Received a gift from Okawaru
 36907 | Elf:3    | Reached XP level 21. HP: 85/120 MP: 30/30
 36910 | Elf:3    | Identified the +11 quarterstaff of Ycsugarch {venom, rC-
                  | Str+4 Int+2}
 37156 | Elf:3    | Identified the staff of poison "Det Gysa" {rPois rCorr
                  | Str-3 Int+7 SInv}
 37184 | Elf:3    | Identified the +7 scimitar "Vine Stalker's Doom" {heavy,
                  | rPois rC+ Stlth+}
 37203 | Elf:3    | Identified the +3 hand axe of Simuz {vamp, rC+}
 37442 | Elf:3    | Identified the +5 plate armour of Vlad {*Corrode rC++
                  | Dex+3}
 37468 | Elf:3    | Found the +3 pair of mountain boots {steadfast, rC+}
 37481 | Elf:3    | Identified the staff of air "Dimum" {rElec rPois rCorr
                  | Stlth-}
 37483 | Elf:3    | Identified the +0 spear of Gehenna {freeze, rC- rN+ rCorr}
 37511 | Elf:3    | Got the Compendium of Twisted Vicissitude
 37514 | Elf:3    | Identified the staff of air "Cuicvesa" {Fly rElec Str+6}
 37532 | Elf:3    | Found the +2 hood of the Assassin {Detect Stab+ Stlth++}
 37965 | Vaults:1 | Entered Level 1 of the Vaults
 38009 | Vaults:1 | Reached skill level 13 in Stealth
 38015 | Vaults:1 | Found Lapesyga's Antique Armour Shoppe.
 38538 | Vaults:1 | Received a gift from Okawaru
 38736 | Vaults:1 | Found Plog's Armour Boutique.
 38828 | Vaults:1 | Found Haxoscho's Magic Scroll Emporium.
 38872 | Vaults:1 | Bought a scroll of fear for 72 gold pieces
 38913 | Vaults:1 | Noticed Nikola
 38935 | Vaults:1 | Killed Nikola
 39094 | Vaults:1 | Found Zeniah Xaazi's Antique Armour Shop.
 39102 | Vaults:1 | Bought a steaming chain mail for 399 gold pieces
 39102 | Vaults:1 | Identified the +3 chain mail "Jyuxuaqu" {rN+} (You bought
                  | it in a shop on level 1 of the Vaults)
 39419 | Vaults:2 | Reached skill level 14 in Stealth
 39534 | Vaults:2 | Found a portal to a secret trove of treasure.
 39676 | Vaults:2 | Found a staircase to the Crypt.
 39685 | Vaults:2 | Reached XP level 22. HP: 87/125 MP: 31/31
 39916 | Vaults:2 | Identified the +2 robe of Levity {rPois rN++ Int-5
                  | Archmagi} (Okawaru gifted it to you on level 2 of the
                  | Vaults)
 39916 | Vaults:2 | Received a gift from Okawaru
 40229 | Vaults:2 | Noticed Mennas
 40243 | Vaults:2 | Killed Mennas
 40306 | Vaults:2 | Reached skill level 15 in Stealth
 40436 | Vaults:3 | Acquired 784 gold pieces
 40520 | Vaults:3 | Found a flickering gateway to a bazaar.
 40525 | Bazaar   | Entered a bazaar
 40526 | Bazaar   | Found Kefrueta's Armour Boutique.
 40526 | Bazaar   | Found Tolya's Jewellery Shop.
 40527 | Bazaar   | Found Geituiq's Weapon Emporium.
 40558 | Bazaar   | Found Gamoeb's General Store.
 40566 | Bazaar   | Bought a potion of ambrosia for 88 gold pieces
 40566 | Bazaar   | Bought a potion of berserk rage for 55 gold pieces
 40587 | Vaults:3 | Acquired 851 gold pieces
 41271 | Vaults:3 | You fall into a shaft and drop 1 floor!
 41406 | Vaults:4 | Identified the +10 crystal plate armour of Intuition
                  | {Int+2} (Okawaru gifted it to you on level 4 of the Vaults)
 41406 | Vaults:4 | Received a gift from Okawaru
 41425 | Vaults:4 | Reached skill level 16 in Stealth
 41468 | Vaults:4 | Found a magical portal.
 41487 | WizLab   | Entered Tukima's Studio
 41663 | WizLab   | Identified the +5 longbow of Kaocen {speed, rC- Will+
                  | rCorr}
 41683 | WizLab   | Identified the +3 triple crossbow "Loit" {speed, rN+ Will+}
 41909 | WizLab   | Noticed kush's illusion
 41918 | WizLab   | Noticed kush's illusion
 41928 | WizLab   | Noticed kush's illusion
 41939 | WizLab   | Identified the +0 cloak "Mafuonebuxt" {rF++ rC- Str-5
                  | Dex+9}
 41945 | WizLab   | Got the Folio of Jinxing
 42204 | Vaults:3 | Identified the +2 dagger of Fundamental Breach {speed,
                  | rPois Will+}
 42483 | Vaults:3 | Reached XP level 23. HP: 131/134 MP: 32/32
 42815 | D:10     | Bought +1 fire dragon scales for 871 gold pieces
 43016 | Vaults:2 | You paid a toll of +4 fire dragon scales to enter a
                  | treasure trove
 43017 | Trove    | Entered a treasure trove
 43024 | Trove    | Identified the ring of Hokaic Xoib {Wiz rC++ Dex+5}
 43047 | Trove    | Found the -2 hat of the Alchemist {rElec rPois rF+ rC+ rN+
                  | Will+ rMut rCorr}
 43049 | Trove    | Identified the +0 helmet of Classification {rN++ Will-
                  | Int+4}
 43063 | Trove    | Identified the +4 short sword of Gallantry {pain, rF+
                  | Str+3}
 43071 | Trove    | Identified the +1 pair of gloves "Nuhuy" {Contam +Inv Str+2
                  | Stlth+}
 43488 | Snake:1  | Bought +1 ice dragon scales for 1139 gold pieces
 44511 | Vaults:4 | Noticed Xtahua
 44515 | Vaults:4 | Killed Xtahua
 44546 | Vaults:4 | Found Wisij's Weapon Emporium.
 44569 | Vaults:4 | Reached skill level 17 in Stealth
 44577 | Vaults:4 | Identified the +0 falchion of Epotrul {flame, rElec rC+
                  | rCorr Str+3} (Okawaru gifted it to you on level 4 of the
                  | Vaults)
 44577 | Vaults:4 | Received a gift from Okawaru
 44592 | Vaults:4 | Bought the +7 Spriggan's Knife {stab, EV+4 Stlth+} for 1526
                  | gold pieces
 44592 | Vaults:4 | Found the +7 Spriggan's Knife {stab, EV+4 Stlth+}
 44672 | Vaults:4 | Noticed Mara
 44692 | Vaults:4 | Killed Mara
 45257 | Depths:1 | Entered Level 1 of the Depths
 45381 | Depths:1 | Found a transporter.
 45388 | Depths:1 | Found a transporter.
 45422 | Depths:1 | Found a transporter.
 45426 | Depths:1 | Found a transporter.
 45469 | Depths:1 | Identified the +0 tower shield of Okawaru's Castigation
                  | {Harm Will+ Dex+3 Stlth+} (Okawaru gifted it to you on
                  | level 1 of the Depths)
 45469 | Depths:1 | Received a gift from Okawaru
 45502 | Depths:1 | Found a one-way gate leading to the halls of Pandemonium.
 45521 | Depths:1 | Found a one-way gateway to a ziggurat.
 45731 | Depths:1 | Found a gateway to Hell.
 46062 | Depths:1 | Found Keulyda's Book Shop.
 46063 | Depths:1 | Found Deumisak's Jewellery Emporium.
 46064 | Depths:1 | Found Exaon's Book Shop.
 46318 | Depths:2 | Reached skill level 18 in Stealth
 46322 | Depths:2 | Noticed a juggernaut
 46324 | Depths:2 | Noticed a golden dragon
 46334 | Depths:2 | Killed a juggernaut
 46334 | Depths:2 | Noticed a golden dragon
 46341 | Depths:2 | Killed a golden dragon
 46368 | Depths:2 | Killed a golden dragon
 46593 | Depths:2 | Reached XP level 24. HP: 133/141 MP: 32/32
 46967 | Snake:1  | Killed goupaloupa's ghost
 46974 | Snake:1  | Identified the +2 robe "Rosuzee" {rElec Str+3} (Okawaru
                  | gifted it to you on level 1 of the Snake Pit)
 46974 | Snake:1  | Received a gift from Okawaru
 47017 | Snake:1  | Identified the ring "Nokesch Payfo" {Ice rElec}
 47130 | Snake:2  | Identified the +2 falchion of Gloom {freeze, rF+ Dex+3}
 47712 | Elf:2    | Reached skill level 19 in Stealth
 48239 | Depths:2 | Identified the ring "Adop" {+Blink rC+}
 48618 | Depths:2 | Found a runed translucent door.
 49023 | Depths:3 | Found a broken altar of Ashenzari.
 49099 | Depths:3 | You fall into a shaft and drop 1 floor!
 49099 | Depths:4 | Entered Level 4 of the Depths
 49106 | Depths:3 | Noticed a juggernaut
 49153 | Depths:3 | Killed a juggernaut
 49241 | Depths:3 | Noticed Vv
 49249 | Depths:3 | Killed Vv
 49697 | Depths:3 | Noticed Boris
 49710 | Depths:3 | Killed Boris
 49755 | Depths:3 | Received a gift from Okawaru
 49881 | Depths:3 | Reached skill level 20 in Stealth
 50196 | Depths:3 | Identified the +0 robe of Xeameduu {rC+ Regen+ Int-5}
 50316 | Depths:4 | Found Tylliaji's Book Shop.
 50619 | Depths:4 | Reached skill level 15 in Armour
 50679 | Depths:4 | Found Naodd's Antique Armour Boutique.
 50842 | Depths:4 | Received a gift from Okawaru
 50946 | Depths:4 | Reached XP level 25. HP: 145/145 MP: 32/32
 51221 | Depths:4 | Identified the +1 pair of boots "Hileylol" {Harm Drain rF++
                  | Str+3} (Okawaru gifted it to you on level 4 of the Depths)
 51221 | Depths:4 | Received a gift from Okawaru
 51642 | Depths:4 | Found a gate to the Realm of Zot.
 52259 | Swamp:2  | Killed Topsoj's ghost
 52517 | Vaults:5 | Entered Level 5 of the Vaults
 52526 | Vaults:5 | Reached skill level 1 in Throwing
 52772 | Vaults:5 | Identified the staff of air "Dakosisch" {rElec rF++ rC+}
 53023 | Vaults:5 | Reached skill level 21 in Stealth
 53217 | Vaults:5 | Reached skill level 5 in Throwing
 53264 | Vaults:5 | Noticed a dread lich
 53265 | Vaults:5 | Found Wiwnod's Magic Scroll Boutique.
 53278 | Vaults:5 | Killed a dread lich
 53308 | Vaults:5 | Bought a scroll of enchant armour for 165 gold pieces
 53308 | Vaults:5 | Bought a scroll of blinking for 165 gold pieces
 53311 | Vaults:5 | Got a silver rune of Zot
 53345 | Vaults:5 | Reached skill level 15 in Dodging
 53556 | Vaults:5 | Identified the ring "Musmif" {Fly Will+ SInv Stlth-}
 53658 | Vaults:5 | Received a gift from Okawaru
 53910 | Vaults:5 | Identified the +2 short sword "Pasul" {speed, rF- rC-
                  | Str+5} (Okawaru gifted it to you on level 5 of the Vaults)
 53910 | Vaults:5 | Received a gift from Okawaru
 53928 | Vaults:5 | Reached skill level 22 in Stealth
 53978 | Vaults:5 | Noticed an ancient lich
 53994 | Vaults:5 | Killed an ancient lich
 54258 | Vaults:5 | Found the ring of Shadows {Umbra +Inv Stlth+}
 55098 | Slime:1  | Entered Level 1 of the Pits of Slime
 55303 | Slime:1  | Reached XP level 26. HP: 133/151 MP: 32/32
 56826 | Slime:3  | Received a gift from Okawaru
 57161 | Slime:4  | Noticed Dissolution
 57163 | Slime:4  | Killed Dissolution
 57362 | Slime:5  | Entered Level 5 of the Pits of Slime
 57818 | Slime:5  | Noticed the Royal Jelly
 57819 | Slime:5  | Found a viscous altar of Jiyva.
 57829 | Slime:5  | Found the amulet of Elemental Vulnerability {rPois rF--
                  | rC-- AC+8}
 57857 | Slime:5  | Killed the Royal Jelly
 57858 | Slime:5  | Reached skill level 23 in Stealth
 58163 | Slime:5  | Identified the staff of cold "Fuusil" {rC+ Int+2 Dex+3}
 58212 | Slime:5  | Identified the +0 leather armour "Ibbinus" {Will++ Str+4}
 58242 | Slime:5  | Identified the +0 scale mail "Woikup" {rF+ rC+ Dex+3}
 58294 | Slime:5  | Identified the staff of earth "Wohob" {Dex+2}
 58296 | Slime:5  | Got a slimy rune of Zot
 58298 | Slime:5  | Got Kutuho's Atlas of Enthralling Skeletons
 58323 | Slime:5  | Got the Disquisition on the Gathering and Concussion
 58936 | Crypt:1  | Entered Level 1 of the Crypt
 59217 | Crypt:1  | Received a gift from Okawaru
 59270 | Crypt:1  | Identified the +1 plate armour of Fuosad {Fly rN+} (Okawaru
                  | gifted it to you on level 1 of the Crypt)
 59270 | Crypt:1  | Received a gift from Okawaru
 59354 | Crypt:1  | Reached skill level 15 in Short Blades
 59696 | Crypt:1  | Found a basalt altar of Yredelemnul.
 59779 | Crypt:1  | Identified the ring "Dautze" {Int+2 SInv}
 60466 | Crypt:2  | Reached XP level 27. HP: 156/156 MP: 32/32
 61089 | Crypt:3  | Entered Level 3 of the Crypt
 61270 | Crypt:3  | Reached skill level 24 in Stealth
 61271 | Crypt:3  | Found a basalt altar of Yredelemnul.
 61753 | Crypt:3  | Identified the +0 helmet "Janiluad" {Fly rF+} (Okawaru
                  | gifted it to you on level 3 of the Crypt)
 61753 | Crypt:3  | Received a gift from Okawaru
 61844 | Crypt:3  | Got the Catalogue of Bodies
 61883 | Crypt:3  | Reached skill level 15 in Evocations
 61961 | Crypt:3  | Identified the ring of Surprise {Str+5 Dex+6}
 62049 | Crypt:3  | Found a staircase to the Tomb.
 62049 | Crypt:3  | Noticed a dread lich
 62052 | Crypt:3  | Killed a dread lich
 62216 | Crypt:3  | Identified the ring "Olenoqis" {rN+ Int+3 Dex-4 Slay+3}
 62216 | Crypt:3  | Identified the ring "Rahiqo" {Fly rN+ Will- Dex+7 Slay+2}
 62824 | Zot:1    | Entered Level 1 of the Realm of Zot
 63949 | Zot:2    | Received a gift from Okawaru
 63950 | Zot:2    | Reached skill level 25 in Stealth
 64616 | Zot:3    | Received a gift from Okawaru
 65472 | Zot:4    | Found a transporter.
 65750 | Zot:4    | Found a transporter.
 66008 | Zot:4    | Received a gift from Okawaru
 66455 | Zot:5    | Entered Level 5 of the Realm of Zot
 66464 | Zot:5    | Noticed an orb of fire
 66468 | Zot:5    | Killed an orb of fire
 66469 | Zot:5    | Reached skill level 26 in Stealth
 66487 | Zot:5    | Found Etheghez's CLEARANCE SALE!.
 66490 | Zot:5    | Bought a potion of curing for 15 gold pieces
 66749 | Zot:5    | Noticed an ancient lich
 66753 | Zot:5    | Killed an ancient lich
 67075 | Zot:5    | Noticed an orb of fire
 67201 | Zot:5    | Killed an orb of fire
 67294 | Zot:5    | Received a gift from Okawaru
 67329 | Zot:5    | Identified the +0 pair of gloves "Bodufij" {rPois rN+ Will+
                  | Int+2} (Okawaru gifted it to you on level 5 of the Realm of
                  | Zot)
 67329 | Zot:5    | Received a gift from Okawaru
 67531 | Zot:5    | Noticed an orb of fire
 67537 | Zot:5    | Killed an orb of fire
 67540 | Zot:5    | Noticed an orb of fire
 67541 | Zot:5    | Gained mutation: Armour fits poorly on your strangely
                  | shaped body. [an orb of fire]
 67565 | Zot:5    | Noticed a dread lich
 67584 | Zot:5    | Killed an orb of fire
 67600 | Zot:5    | Reached skill level 27 in Stealth
 67607 | Zot:5    | Killed a dread lich
 67841 | Zot:5    | Lost mutation: Armour fits poorly on your strangely shaped
                  | body. [potion of mutation]
 67841 | Zot:5    | Gained mutation: Armour fits poorly on your strangely
                  | shaped body. [potion of mutation]
 67841 | Zot:5    | Gained mutation: You occasionally shout uncontrollably at
                  | your foes. [potion of mutation]
 67847 | Zot:5    | Lost mutation: You occasionally shout uncontrollably at
                  | your foes. [potion of mutation]
 67847 | Zot:5    | Lost mutation: Armour fits poorly on your strangely shaped
                  | body. [potion of mutation]
 67847 | Zot:5    | Gained mutation: Your mind is acute. (Int +4, Str/Dex -1)
                  | [potion of mutation]
 68180 | Zig:1    | Entered Level 1 of a ziggurat
 68193 | Zig:2    | Entered Level 2 of a ziggurat
 68211 | Zig:3    | Entered Level 3 of a ziggurat
 68239 | Zig:4    | Entered Level 4 of a ziggurat
 68282 | Zig:5    | Entered Level 5 of a ziggurat
 68288 | Zig:5    | Noticed an ancient lich
 68288 | Zig:5    | Noticed an ancient lich
 68288 | Zig:5    | Noticed a dread lich
 68300 | Zig:5    | Killed an ancient lich
 68305 | Zig:5    | Banished an ancient lich
 68319 | Zig:5    | Killed a dread lich
 68323 | Zig:5    | Identified the amulet "Qeela" {RegenMP rPois rCorr Str-5
                  | Dex+6}
 68388 | Depths:3 | Voluntarily entered the Abyss.
 68412 | Abyss:2  | Found a corrupted altar of Lugonu.
 68428 | Abyss:2  | Killed an ancient lich
 68727 | Abyss:3  | Found a corrupted altar of Lugonu.
 68808 | Abyss:3  | Found a corrupted altar of Lugonu.
 69178 | Abyss:3  | Received a gift from Okawaru
 69274 | Abyss:3  | Got an abyssal rune of Zot
 69287 | Depths:3 | Escaped the Abyss
 69609 | Zot:5    | Got the Orb of Zot
 69689 | Zot:3    | Noticed a seraph
 69704 | Zot:3    | Killed a seraph
 69780 | Zot:1    | Noticed Tellor the pandemonium lord
 69788 | Zot:1    | Killed Tellor the pandemonium lord
 70317 | D:7      | Noticed Fiuck the pandemonium lord
 70328 | D:7      | Killed Fiuck the pandemonium lord
 70332 | D:7      | Noticed Qum Yfu the pandemonium lord
 70343 | D:7      | Killed Qum Yfu the pandemonium lord
 70559 | D:$      | Escaped with the Orb!

Illustrated notes

Levels and vault maps discovered:
D:1:      roderic_chinese_lattice_arrival, layout_basic, serial_shops,
          nicolae_shop_back_alley_shop
D:2:      layout_rooms, uniq_robin, uniq_natasha, uniq_crazy_yiuf_cottage,
          uniq_jessica
D:3:      layout_basic
D:4:      layout_basic, tgw_kikubaaqudgha, serial_shops, shop,
          grunt_ministairs_15
D:5:      layout_basic, uniq_edmund, uniq_grinder, uniq_sigmund
D:6:      layout_basic, minmay_temple_entry_slanted, supply_closet_lemuel
D:7:      layout_layer_cave, chequers_temple_overflow_minitemple,
          nicolae_ossuary_entry_catacombs, nicolae_shop_overcharged_wands
D:8:      layout_loops_ring
D:9:      layout_irregular_city, gammafunk_temple_overflow_wave,
          trog_antimagical, orc_0_dummy, serial_shops, nicolae_take_the_stairs
D:10:     minmay_the_grid_triangle_9x9_rhombus_full
          [minmay_the_grid_triangle_9x9_thin_v,
          minmay_the_grid_triangle_9x9_subtriangle,
          minmay_the_grid_triangle_9x9_swiss_cheese,
          minmay_the_grid_triangle_9x9_descending_squares,
          minmay_the_grid_triangle_9x9_sparse_checkered,
          minmay_the_grid_triangle_9x9_zippers_horizontal,
          minmay_the_grid_triangle_9x9_impossible_snake,
          minmay_the_grid_triangle_9x9_prize_center], layout_cave_pools,
          lair_entry_dummy, enter_bailey_5, hangedman_decor_riveting,
          nicolae_shop_dragon_depot, hangedman_decor_lopped, uniq_joseph
D:11:     layout_basic, nicolae_dithmenos_shadow_blocks, uniq_amaemon,
          uniq_nergalle, uniq_fannar
D:12:     evilmike_diamond_2, layout_long_grid, serial_bayou,
          serial_bayou_shore_b, serial_bayou_crossing, serial_bayou_lagoon_a,
          serial_bayou_lake_a, amcnicky_mini_pool_small, uniq_jorgrun
D:13:     minmay_box_of_statues, layout_basic,
          hangedman_vaults_entry_quadrant_bands, minmay_rotating_lava,
          uniq_lodul
D:14:     layout_irregular_city
D:15:     grunt_enter_depths_snipers, layout_loops_ring, nicolae_benzene_ring,
          corexii_hall_statues_x
Temple:   eino_temple_water
Lair:1:   cheibrodos_lair_river_kwai, layout_regular_city, lemuel_fruit_tree
Lair:2:   layout_small_grid, kennysheep_rathole, lemuel_fruit_fields,
          grunt_megastairs_3
Lair:3:   layout_loops_ring, minmay_swamp_entry_swarm,
          minmay_snake_entry_guardpost_large, lemuel_fruit_fields
Lair:4:   layout_cave_pods, amcnicky_altar_lugonu_corruption
Lair:5:   due_jungle_book, layout_regular_city, minmay_slime_entry_oklob_open,
          grunt_megastairs_5
Swamp:1:  layout_basic_swamp, infiniplex_staircase_pool_2, swamp_pool2
Swamp:2:  layout_basic_swamp, ebering_ghost_xom, evilmike_swamp_ruin_rubble_2,
          swamp_pool2, nicolae_swamp_stuck_in_the_mud
Swamp:3:  layout_basic_swamp, nicolae_swamp_tree_designs,
          nicolae_swamp_very_dense_foliage
Swamp:4:  swamp_basic_johnstein, layout_basic_swamp,
          portal_ice_cave_entry_dragon, uniq_mlioglotl, uniq_louise
Snake:1:  layout_misc_corridors, serial_shops, nicolae_shop_back_alley_shop,
          gammafunk_ghost_abyssal_escape
Snake:2:  layout_layer_cave, lightli_airlock, grunt_megastairs_2,
          minmay_shoptagon, serial_bayou_shore_b
Snake:3:  layout_cave_town, ebering_ghost_inner_flame, serial_bayou_pond_b
Snake:4:  grunt_snake_rune_spirals, layout_onion,
          nicolae_snake_serpentine_hallways, uniq_vashnia
Slime:1:  layout_caves, cheibrodos_slime_lost_civilization_7
Slime:2:  layout_caves
Slime:3:  layout_caves
Slime:4:  layout_caves, dissolution_awaits
Slime:5
Orc:1:    layout_diamond_mine
Orc:2:    st_orc_mages, layout_caves, serial_shops, nicolae_diamond_shop
Elf:1:    nicolae_elf_arrival_dilemma, layout_gridlike, serial_shops, shop,
          nicolae_shop_bloodbath_and_beyond, nicolae_shop_stone,
          hangedman_elf_represent, nicolae_concentric_dashed_squares_wild,
          drop_trap, lemuel_statue_altar, evilmike_ambush
          [evilmike_ambush_outer_pillars, evilmike_ambush_inner_basic]
Elf:2:    elven_hall_of_blades_hangedman_original [nicolae_blade_bullseye],
          layout_geoelf_octagon, portal_desolation_entry_ruin
Elf:3:    nooodl_elf_gasket, layout_gridlike
Vaults:1: nicolae_vaults_double_plus_2, vaults_dpeg_emergency_exit,
          vaults_room_pools, hangedman_vaults_nails,
          nicolae_vaults_storage_closets_2, ontoclasm_vaults_ligature,
          layout_vaults_omnigrid, serial_shops, nicolae_shop_overgrown_old_shop,
          nicolae_shop_hallway_stairs, nicolae_shop_dealshenge,
          nicolae_shop_hallway_stairs, uniq_nikola
Vaults:2: v_pattern_3, nicolae_vaults_windows_and_doors_thing,
          vaults_room_corners, minmay_crypt_entry_simple_corners, st_star,
          nicolae_vaults_tetromino_L_2, nicolae_vaults_double_plus_1,
          nicolae_vaults_weapon_check, nicolae_vaults_storage_room_glass,
          nicolae_vaults_little_squares_3, nicolae_vaults_surprise_closet,
          ontoclasm_vaults_loading_screen, vaults_room_hallway,
          hangedman_vaults_slice, ontoclasm_vaults_pinch,
          nicolae_vaults_specimen_jars, nicolae_vaults_little_squares_4,
          nicolae_vaults_layer_cake_slice, vaults_dpeg_hooks,
          nicolae_vaults_tetromino_T_2, layout_vaults_omnibox,
          nicolae_trove_entry_isolated, uniq_mennas
Vaults:3: hangedman_vaults_trim, v_alt_pattern_3, v_rooms_6,
          nicolae_vaults_trapezoid_2, nicolae_vaults_network_s,
          nicolae_vaults_closet_pinwheel_6, nicolae_vaults_lopsided_apartments,
          nicolae_vaults_tangram_1, hangedman_vaults_pinch,
          nicolae_vaults_circle_grid_a, hangedman_vaults_impose,
          nicolae_vaults_oval_intersection, vaults_room_stairs_pillars,
          nicolae_vaults_trapezoid_lopsided_1, nicolae_vaults_mini_display_case,
          nicolae_vaults_tetromino_L_2, layout_vaults_big_cross, serial_shops,
          bzr_entry_road
Vaults:4: mu_enter_wizlab_5, vaults_room_door_ring,
          nicolae_vaults_little_squares_3, v_misc_32,
          nicolae_vaults_circle_grid_b, dpeg_vaults_monster_box,
          nicolae_vaults_network_quinsquares
          [nicolae_vaults_network_quincunx_subvault,
          nicolae_vaults_network_quincunx_subvault,
          nicolae_vaults_network_quincunx_subvault,
          nicolae_vaults_network_quincunx_subvault], vaults_mumra_lcd,
          nicolae_vaults_security_offices_4, grunt_vaults_diagonal,
          vaults_room_pools, nicolae_vaults_puzzle_piece,
          layout_vaults_maze_bifur, uniq_mara, uniq_xtahua
Vaults:5
Crypt:1:  gammafunk_crypt_yreds_forest, layout_misc_corridors,
          roderic_lattice_octagonal_star
Crypt:2:  layout_basic
Crypt:3:  grunt_crypt_end_deaths_head
Depths:1: layout_gridlike, enter_ziggurat_d, hangedman_geh_valley,
          rand_demon_pan_entry_8, nicolae_transporter_circle, minmay_shop_grove
Depths:2: nicolae_fronds_of_death, layout_gridville, rand_demon_pan_entry_7,
          nrook_pool_corridor, hangedman_coc_ice_floe, minmay_hidden_floor,
          serial_bayou_shore_a
Depths:3: kennysheep_water_balloons, layout_gridlike, hell_entry,
          abyss_entry_crystal, nicolae_ashenzari_skybound, uniq_vv, uniq_boris
Depths:4: grunt_zot_entry_pinwheel, layout_cave_shapes, hell_entry,
          nicolae_figureground_pulse, serial_shops, nicolae_shop_dealshenge,
          shop, hangedman_decor_cross_pass
Zot:1:    layout_misc_corridors
Zot:2:    layout_gridville
Zot:3:    layout_gridlike
Zot:4:    layout_cathedral_of_symmetry, nicolae_diode_stairs, grunt_megastairs_1
Zot:5:    layout_basic, nicolae_shop_clearance

Skill      XL: |  1  2  3  4  5  6  7  8  9 10 11 12 13 14 15 16 17 18 19 20 21 22 23 24 25 26 27 |
---------------+----------------------------------------------------------------------------------+-----
Short Blades   | 3 4 5 7 8 10 13 14 16 18 | 18.0
Fighting       | 3 4 5 6 8 9 10 11 12 13 14 15 16 17 18 19 23 | 23.2
Armour         | 1 3 5 7 9 10 11 12 13 15 16 | 16.9
Invocations    | 1 4 6 8 9 10 | 10.6
Dodging        | 4 6 8 9 10 11 12 13 14 15 16 | 16.3
Shields        | 3 6 7 8 10 11 12 13 14 | 14.0
Evocations     | 5 8 10 11 12 13 14 19 | 19.4
Stealth        | 3 7 9 11 12 14 16 18 20 22 23 27 | 27.0
Throwing       | 6 |  6.0

Action                     |  1- 3 |  4- 6 |  7- 9 | 10-12 | 13-15 | 16-18 | 19-21 | 22-24 | 25-27 || total
---------------------------+-------+-------+-------+-------+-------+-------+-------+-------+-------++-------
  Melee: Short sword       |    82 |       |       |       |       |       |       |       |       ||    82
         Bite              |    34 |    81 |   271 |   468 |   860 |   734 |   870 |  1115 |  2975 ||  7408
         Dagger            |    12 |   234 |   572 |   872 |   551 |       |       |       |       ||  2241
         Rapier            |       |       |       |    35 |       |       |       |       |       ||    35
         Quick blade       |       |       |       |       |  1144 |  1472 |  1522 |  1617 |  3695 ||  9450
         Knife             |       |       |       |       |       |       |       |   208 |   793 ||  1001
  Throw: Dart              |       |       |       |     1 |       |       |       |       |       ||     1
         Boomerang         |       |       |       |       |       |    22 |    10 |     2 |       ||    34
         Throwing net      |       |       |       |       |       |       |       |       |     5 ||     5
 Invoke: Heroism           |       |       |       |     5 |       |       |     1 |       |     1 ||     7
         Finesse           |       |       |       |     2 |       |       |     2 |     3 |     6 ||    13
Ability: Evoke Invisibilit |       |       |       |       |       |       |       |       |     2 ||     2
  Evoke: Tin of tremorston |       |       |       |       |       |     2 |     2 |     2 |     3 ||     9
         Wand              |       |       |       |       |       |       |    15 |       |     4 ||    19
         Lightning rod     |       |       |       |       |       |       |     2 |       |       ||     2
         Phial of floods   |       |       |       |       |       |       |       |       |     2 ||     2
         Condenser vane    |       |       |       |       |       |       |       |       |     1 ||     1
    Use: Scroll            |       |     2 |     5 |     5 |     8 |    12 |     7 |    19 |    21 ||    79
         Potion            |       |       |       |     2 |       |     2 |     4 |     6 |    11 ||    25
   Stab: Sleeping          |       |       |       |     1 |     1 |    19 |    51 |   116 |   149 ||   337
         Distracted        |       |       |       |       |     1 |     5 |     9 |    12 |    69 ||    96
         Confused          |       |       |       |       |       |       |    11 |    21 |    60 ||    92
         Paralysed         |       |       |       |       |       |       |     2 |       |     2 ||     4
         Petrifying        |       |       |       |       |       |       |     1 |       |     2 ||     3
         Invisible         |       |       |       |       |       |       |       |       |     7 ||     7
         Held in net/web   |       |       |       |       |       |       |       |       |     2 ||     2
 Armour: Robe              |     1 |       |       |       |       |       |       |       |       ||     1
         Scale mail        |    28 |    29 |       |       |       |       |       |       |       ||    57
         Leather armour    |     3 |       |       |       |       |       |       |       |       ||     3
         Chain mail        |       |    57 |   151 |    27 |       |       |       |       |       ||   235
         Acid dragon scale |       |       |       |    34 |       |       |       |       |       ||    34
         Troll leather arm |       |       |       |    10 |       |       |       |       |       ||    10
         Plate armour      |       |       |       |    79 |       |       |       |       |       ||    79
         Quicksilver drago |       |       |       |    33 |   417 |   247 |   117 |    38 |       ||   852
         Swamp dragon scal |       |       |       |       |       |     2 |    39 |       |       ||    41
         Ice dragon scales |       |       |       |       |       |       |    13 |    30 |       ||    43
         Shadow dragon sca |       |       |       |       |       |       |       |    77 |   531 ||   608
  Dodge: Dodged            |    43 |    64 |   100 |   219 |   548 |   454 |   342 |   259 |   826 ||  2855
  Block: Orb               |       |     4 |       |       |       |       |       |       |       ||     4
         Buckler           |       |       |       |    20 |   319 |   173 |   125 |       |       ||   637
         Kite shield       |       |       |       |       |       |   248 |   332 |   612 |  1696 ||  2888
         Reflection        |       |       |       |       |       |    10 |    43 |    31 |    31 ||   115

Table legend: (Time is in decaauts)
 A = Elapsed time spent in this place.
 B = Non-inter-level travel time spent in this place.
 C = Inter-level travel time spent in this place.
 D = Time resting spent in this place.
 E = Time spent auto-exploring this place.
 F = Levels seen in this place.
 G = Mean time per level.
                   A        B        C        D        E       F      G
               +--------+--------+--------+--------+--------+-----+--------+
         Total |  67023 |  57370 |   9653 |   6318 |  31958 |  71 |  944.0 |
       Dungeon |  15353 |  12813 |   2540 |    527 |   9165 |  15 | 1023.5 |
        Temple |    224 |    210 |     14 |      0 |    199 |   1 |  224.0 |
          Lair |   6039 |   4643 |   1396 |     37 |   3614 |   5 | 1207.8 |
         Swamp |   3223 |   2740 |    483 |    181 |   1643 |   4 |  805.8 |
     Snake Pit |   7019 |   6377 |    642 |   1014 |   2950 |   4 | 1754.8 |
    Slime Pits |   2824 |   2654 |    170 |    676 |   1083 |   5 |  564.8 |
  Orcish Mines |   1991 |   1224 |    767 |      2 |    934 |   2 |  995.5 |
   Elven Halls |   4999 |   4078 |    921 |    833 |   1747 |   3 | 1666.3 |
        Vaults |   7855 |   6628 |   1227 |    667 |   3431 |   5 | 1571.0 |
         Crypt |   3310 |   3202 |    108 |    451 |   1571 |   3 | 1103.3 |
        Depths |   5459 |   4753 |    706 |    716 |   2555 |   4 | 1364.8 |
           Zot |   5375 |   4700 |    675 |    813 |   2456 |   5 | 1075.0 |
         Abyss |    802 |    802 |      0 |      0 |     30 |   3 |  267.3 |
      Ziggurat |    129 |    129 |      0 |      0 |      0 |   5 |   25.8 |
        Bazaar |     50 |     50 |      0 |      0 |     37 |   1 |   50.0 |
         Trove |     89 |     89 |      0 |      0 |      0 |   1 |   89.0 |
       Ossuary |    185 |    185 |      0 |      0 |     86 |   1 |  185.0 |
        Bailey |    382 |    382 |      0 |     60 |    107 |   1 |  382.0 |
      Ice Cave |    492 |    492 |      0 |    100 |    142 |   1 |  492.0 |
        Wizlab |    493 |    493 |      0 |    206 |      0 |   1 |  493.0 |
    Desolation |    717 |    717 |      0 |     31 |    206 |   1 |  717.0 |
               +--------+--------+--------+--------+--------+-----+--------+

Top non-repeatable levels by time:
 Snake:4: 2473 daAuts
Vaults:5: 2136 daAuts
   Elf:3: 2077 daAuts
Vaults:1: 1831 daAuts
    D:10: 1722 daAuts
Depths:2: 1674 daAuts
   Zot:5: 1610 daAuts
   Elf:1: 1571 daAuts
 Snake:3: 1566 daAuts
 Snake:2: 1558 daAuts
    D:13: 1532 daAuts
Vaults:2: 1457 daAuts
  Lair:1: 1454 daAuts
 Snake:1: 1421 daAuts
   Orc:2: 1403 daAuts
